 Dungeon Crawl Stone Soup version 0.32-a0-898-g7811c86cf0 (webtiles) character file.

Game seed: 16062143270037968898

6278 Revguard the Trooper (level 10, -1/77 HPs)
             Began as a Demonspawn Gladiator on Apr 4, 2024.
             Was a Priest of Wu Jian.
             Slain by an orc warrior
             ... wielding a +0 halberd
              (17 damage)
             ... on level 10 of the Dungeon.
             The game lasted 00:28:22 (6355 turns).

Revguard the Trooper (Demonspawn Gladiator)         Turns: 6355, Time: 00:28:22

Health: -1/77      AC: 11    Str: 20    XL:     10   Next: 63%
Magic:  10/10      EV: 13    Int: 10    God:    Wu Jian [***...]
Gold:   251        SH:  0    Dex: 18    Spells: 9/9 levels left

rFire   + . .        a - +2 long sword (venom)
rCold   + . .        (no shield)
rNeg    . . .        l - +0 ring mail
rPois   .            c - +1 helmet
rElec   .            v - scarf {rC+ rF+}
rCorr   .            A - +0 pair of gloves
SInv    +            (no boots)
Will    .....        x - amulet of regeneration
Stlth   +++          s - +6 ring of strength
HPRegen 1.12/turn    C - ring of see invisible
MPRegen 0.12/turn

%: clarity
@: lethally poisoned (-1 -> -1)
A: icy blue scales 1, foul stench 1, weakness stinger 2, clarity, sense
surroundings 1
a: Renounce Religion, Wall Jump, Serpent's Lash


You were on level 10 of the Dungeon.
You worshipped Wu Jian.
Wu Jian was most pleased with you.
You visited 2 branches of the dungeon, and saw 11 of its levels.
You also visited: Ossuary.

You collected 461 gold pieces.
You spent 210 gold pieces at shops.

Inventory:

Hand Weapons
 a - a +2 long sword of venom (weapon)
 G - a +0 scimitar of flaming
Missiles
 d - 3 throwing nets (quivered)
 e - a javelin
Armour
 c - a +1 helmet (worn)
 l - a +0 ring mail (worn)
 v - a scarf of resistance (worn)
 A - a +0 pair of gloves (worn)
Jewellery
 s - a +6 ring of strength (left hand)
 x - an amulet of regeneration (around neck)
 C - a ring of see invisible (right hand)
 D - a ring of protection from fire
 F - a ring of resist corrosion
 I - a ring of protection from fire
Wands
 f - a wand of flame (26)
 k - a wand of acid (2)
 y - a wand of paralysis (19)
Scrolls
 b - 2 scrolls of enchant weapon
 g - a scroll of revelation
 i - 2 scrolls of immolation
 j - 2 scrolls of amnesia
 n - a scroll of noise
 o - 3 scrolls of teleportation
 B - a scroll of poison
 H - a scroll of blinking
 J - a scroll of silence {unknown}
Potions
 h - 3 potions of haste {unknown}
 m - 7 potions of curing
 p - 2 potions of mutation
 q - a potion of might
 r - 5 potions of enlightenment {unknown}
 t - a potion of cancellation
 u - a potion of berserk rage
 w - a potion of lignification
 z - a potion of resistance
 E - a potion of brilliance {unknown}


   Skills:
 + Level 6.9 Fighting
 + Level 6.6 Long Blades
 - Level 1.7 Throwing
 + Level 6.0 Armour
 + Level 6.7 Dodging
 + Level 6.3 Stealth
 + Level 6.4 Evocations


You had 9 spell levels left.
You didn't know any spells.
Your spell library contained the following spells:

 Spells                   Type           Power      Damage    Failure   Level
 Cigotuvi's Dreadful Rot  Necr/Alch/Air  0%         N/A       65%         2
 Dispel Undead            Necr           0%         3d6       99%         4
 Ignite Poison            Fire/Alch      0%         N/A       99%         4
 Martyr's Knell           Necr/Summ      0%         N/A       99%         4
 Freezing Cloud           Conj/Ice/Air   0%         6-21      100%        5


Dungeon Overview and Level Annotations

Branches:
Dungeon (11/15)            Temple (1/1) D:4            Lair (0/5) D:8
Ossuary (visited)
    Orc: D:9-12

Altars:
Cheibriados
Dithmenos
Fedhas
Hepliaklqana
Kikubaaqudgha
Makhleb
Nemelex Xobeh
Okawaru
Ru
Sif Muna
Trog
Uskayaw
Wu Jian
Xom
Yredelemnul

Shops:
D:7 !   D:10 [

Annotations:
D:5 2 transporters, Snowmansir's ghost, novice MiBe
D:8 Maggie


Innate Abilities, Weirdness & Mutations

You are partially covered in icy blue scales. (AC +2)
You may rarely emit foul miasma when damaged in melee.
You have a tail ending in a sharp stinger.
You possess an exceptional clarity of mind.
You passively map a small area around you.


Message History

The orc warrior completely misses you. The gnoll closely misses you.
The gnoll hits you but does no damage.
You spin and attack the orc warrior.
You closely miss the orc warrior.
The orc warrior is moderately wounded.
You spin and attack the gnoll bouda.
You hit the gnoll bouda.
The gnoll bouda looks as sick as possible!
You tail-slap the gnoll bouda.
You kill the gnoll bouda!
The Council accepts your kill.
You feel sick.
The gnoll looks more healthy.
The unseen horror hits you.
The unseen horror hits you but does no damage.
The gnoll barely misses you. The orc warrior barely misses you.
The gnoll hits you from afar with a +0 halberd!
The gnoll barely misses you.
Your Armour skill increases to level 6!
You see here a +0 club.
You feel sick.
The unseen horror attacks as it pursues you!
The unseen horror hits you.
* * * LOW HITPOINT WARNING * * *
The unseen horror hits you but does no damage.
The gnoll attacks as it pursues you!
The gnoll hits you from afar with a +0 spear.
* * * LOW HITPOINT WARNING * * *
The orc warrior barely misses you.
Aiming: Corrosive Bolt
Press: ? - help, Shift-Dir - straight line, f - gnoll, p - gnoll
Aim: a gnoll, wielding a +0 halberd (covering ground quickly, 77% to hit)
The bolt of acid hits the orc warrior!
The acid corrodes the orc warrior!
The orc warrior is almost dead.
The bolt of acid hits the gnoll!!
You kill the gnoll!
The Council accepts your kill.
You can now briefly move at supernatural speeds.
Your attacks no longer feel as feeble.
You feel sick. The unseen horror closely misses you.
The gnoll hits you from afar with a +0 spear.
* * * LOW HITPOINT WARNING * * *
The orc warrior hits you from afar with a +0 halberd!
You die...

* #................
,,
#................ ~
, #...............#
*#...............#
,, *
#......)..#####
#########......g))#
..........[....gog#
####..##########x.#
#..# #@.# #..# #..#
#..# ...# #..#
#...# #..# #..!#
*#..# #...# , ....
#...# * #...# *


You could see an unseen horror (invisible, very poisoned), an orc warrior
(poisoned, corroded) and 3 gnolls.

Vanquished Creatures
  Erica (D:8)
  A two-headed ogre (D:10)
  A cyclops (D:11)
  A komodo dragon (D:8)
  Grinder (D:6)
  Prince Ribbit (D:8)
  Sigmund (D:2)
  A wraith (D:8)
  9 yaks
  2 water moccasins
  An orc warrior (D:8)
  2 ogres
  3 centaurs
  A kobold brigand (D:8)
  4 elf zombies
  3 bullfrogs
  A gnoll sergeant (D:7)
  A scorpion (D:6)
  A burial acolyte (Ossuary)
  A wight (D:8)
  3 bombardier beetles
  2 centaur zombies (Ossuary)
  2 jellies
  4 hounds
  A human zombie (Ossuary)
  4 orc priests
  Crazy Yiuf (D:6)
  A gnoll bouda (D:10)
  Terence (D:2)
  3 iguanas
  2 orc wizards (D:8)
  A crocodile zombie (Ossuary)
  2 hound zombies (Ossuary)
  3 mummies (Ossuary)
  Robin (D:3)
  7 gnolls
  5 adders
  A shadow imp (D:6)
  2 white imps
  2 ufetubi (D:6)
  5 adder zombies (Ossuary)
  3 dart slugs
  A ribbon worm (D:2)
  18 orcs
  8 ball pythons
  9 endoplasms
  5 giant cockroaches
  9 goblins
  10 hobgoblins
  A jackal (D:2)
  3 quokkas
  2 ball python zombies (Ossuary)
  2 bats
  8 frilled lizards
  2 gnoll zombies (Ossuary)
  4 jackal zombies (Ossuary)
  11 kobolds
  6 kobold zombies (Ossuary)
  2 orc skeletons (D:5)
  3 orc zombies
  6 rats
203 creatures vanquished.

Notes
Turn   | Place    | Note
-------+----------+-------------------------------------------
     0 | D:1      | Revguard the Demonspawn Gladiator began the quest for the
                  | Orb.
     0 | D:1      | Reached XP level 1. HP: 16/16 MP: 1/1
   198 | D:1      | Gained mutation: You have a small tail. [demonic ancestry]
   198 | D:1      | Reached XP level 2. HP: 21/22 MP: 2/2
   823 | D:2      | Found a blossoming altar of Fedhas.
   844 | D:2      | Reached skill level 1 in Stealth
   844 | D:2      | Reached skill level 1 in Evocations
   844 | D:2      | Reached XP level 3. HP: 17/27 MP: 3/3
   929 | D:2      | Found a faded altar of an unknown god.
  1144 | D:2      | Reached skill level 1 in Armour
  1184 | D:2      | Noticed Sigmund
  1193 | D:2      | Killed Sigmund
  1194 | D:2      | Reached XP level 4. HP: 33/34 MP: 4/4
  1194 | D:2      | Reached XP level 5. HP: 39/40 MP: 5/5
  1499 | D:2      | Noticed Terence
  1510 | D:2      | Killed Terence
  1511 | D:2      | Gained mutation: You are partially covered in icy blue
                  | scales. (AC +2) [demonic ancestry]
  1511 | D:2      | Reached XP level 6. HP: 7/47 MP: 6/6
  2019 | D:3      | Noticed Robin
  2062 | D:3      | Killed Robin
  2990 | D:4      | Found a blossoming altar of Fedhas.
  3150 | D:4      | Gained mutation: You may rarely emit foul miasma when
                  | damaged in melee. [demonic ancestry]
  3150 | D:4      | Reached XP level 7. HP: 52/52 MP: 7/7
  3296 | D:4      | Found a staircase to the Ecumenical Temple.
  3305 | Temple   | Entered the Ecumenical Temple
  3347 | Temple   | Became a worshipper of the Wu Jian Council
  3540 | D:5      | Entered Level 5 of the Dungeon
  3569 | D:5      | Found a transporter.
  3575 | D:5      | Noticed Snowmansir's ghost (novice MiBe)
  3579 | D:5      | Found a transporter.
  3736 | D:5      | Found a sand-covered staircase.
  3741 | Ossuary  | Entered an ossuary
  3797 | Ossuary  | Reached * piety under Wu Jian
  3952 | Ossuary  | Reached XP level 8. HP: 60/60 MP: 8/8
  4709 | D:6      | Noticed Grinder
  4720 | D:6      | Killed Grinder
  4738 | D:6      | Reached skill level 5 in Dodging
  4833 | D:6      | Reached skill level 5 in Fighting
  4833 | D:6      | Reached skill level 5 in Long Blades
  4950 | D:6      | Found a hide-covered altar of Uskayaw.
  5009 | D:6      | Reached XP level 9. HP: 51/68 MP: 9/9
  5088 | D:6      | Found a sparkling altar of Nemelex Xobeh.
  5138 | D:6      | Found a runed translucent door.
  5139 | D:6      | Noticed Crazy Yiuf
  5149 | D:6      | Killed Crazy Yiuf
  5208 | D:6      | Found a sacrificial altar of Ru.
  5287 | D:6      | Reached ** piety under Wu Jian
  5377 | D:7      | Found an iron altar of Okawaru.
  5596 | D:7      | Found Mokutoop's Distillery.
  5599 | D:7      | Bought a potion of mutation for 80 gold pieces
  5599 | D:7      | Bought a potion of heal wounds for 50 gold pieces
  5599 | D:7      | Bought a potion of invisibility for 80 gold pieces
  5625 | D:7      | Gained mutation: You passively map a small area around you.
                  | [potion of mutation]
  5625 | D:7      | Gained mutation: You possess an exceptional clarity of
                  | mind. [potion of mutation]
  5789 | D:8      | Noticed Erica
  5791 | D:8      | Noticed a komodo dragon
  5792 | D:8      | Found a staircase to the Lair.
  5810 | D:8      | Killed a komodo dragon
  5811 | D:8      | Reached skill level 5 in Stealth
  5811 | D:8      | Reached skill level 5 in Evocations
  5813 | D:8      | Killed Erica
  5814 | D:8      | Reached skill level 5 in Armour
  5921 | D:8      | Noticed Prince Ribbit
  5927 | D:8      | Killed Prince Ribbit
  5941 | D:8      | Gained mutation: You have a tail ending in a sharp stinger.
                  | [demonic ancestry]
  5941 | D:8      | Reached XP level 10. HP: 42/76 MP: 10/10
  6038 | D:8      | Noticed Maggie
  6038 | D:8      | You fall into a shaft and drop 3 floors!
  6060 | D:11     | Noticed a cyclops
  6071 | D:11     | Killed a cyclops
  6079 | D:10     | Entered Level 10 of the Dungeon
  6079 | D:10     | Noticed a two-headed ogre
  6089 | D:10     | Killed a two-headed ogre
  6207 | D:10     | Found Edunav's Antique Armour Emporium.
  6355 | D:10     | Reached *** piety under Wu Jian
  6355 | D:10     | Slain by an orc warrior

Illustrated notes

Levels and vault maps discovered:
D:1:      onia_arrival_pentagram, layout_loops_ring, grunt_decor_fettered
D:2:      layout_loops_corners, ebering_ecumenical_altar_sacrificial,
          basic_altar, grunt_decor_mini_mirrors, minmay_heptomino_d4,
          uniq_sigmund, uniq_terence
D:3:      layout_loops_ring, mainiacjoe_overflow_boulevard,
          minmay_gold_behind_fungi, minmay_fountain_box, uniq_robin
D:4:      layout_rooms, fedhas_altar_3, temple_statues
D:5:      layout_basic, nicolae_ossuary_entry_catacombs, gammafunk_ghost_arena,
          feat_on_display
D:6:      layout_rooms, marbit_many_paths, nicolae_uskayaw_suspiria,
          nemelex_xobeh_ov_fountains_minmay, uniq_grinder,
          uniq_crazy_yiuf_cottage
D:7:      layout_rooms, okawaru_ov_weapons_minmay, serial_shops,
          nicolae_shop_real_fake_doors
D:8:      layout_basic, nicolae_overflow_two_pavilions, david_lair_shrubbed,
          uniq_prince_ribbit1, uniq_maggie, uniq_erica
D:10:     nzn_winding_woodlands_stair_cross [nzn_winding_woodlands_5x15_cabin,
          nzn_winding_woodlands_center_lodge,
          nzn_winding_woodlands_5x15_concentric,
          nzn_winding_woodlands_5x5_perimeter,
          nzn_winding_woodlands_5x5_checkerboard,
          nzn_winding_woodlands_5x15_crooked,
          nzn_winding_woodlands_center_garden,
          nzn_winding_woodlands_5x15_default], layout_irregular_city,
          serial_shops, kennysheep_mini_moat, uniq_josephine
D:11:     layout_basic, uniq_harold, uniq_nergalle
Temple:   nicolae_temple_slightly_damp_pantheon

Skill      XL: |  1  2  3  4  5  6  7  8  9 10 |
---------------+-------------------------------+-----
Stealth        | 1 2 3 4 5 6 |  6.3
Evocations     | 1 2 3 4 5 6 |  6.4
Long Blades    | 3 4 5 6 |  6.6
Armour         | 1 2 3 4 5 6 |  6.0
Dodging        | 3 4 5 6 |  6.7
Fighting       | 3 4 5 6 |  6.9
Throwing       | |  1.7

Action                     |  1- 3 |  4- 6 |  7- 9 | 10-12 || total
---------------------------+-------+-------+-------+-------++-------
  Melee: Long sword        |    91 |   194 |   407 |    98 ||   790
         Tailslap          |     9 |    30 |    77 |    21 ||   137
Ability: Whirlwind         |       |       |   149 |    47 ||   196
         Lunge             |       |       |    22 |     7 ||    29
         Wall Jump         |       |       |     4 |     5 ||     9
  Evoke: Wand              |       |     1 |     8 |     3 ||    12
    Use: Scroll            |     4 |       |    15 |       ||    19
         Potion            |     1 |       |     3 |       ||     4
   Stab: Sleeping          |     3 |     2 |     9 |     1 ||    15
         Paralysed         |       |       |     5 |       ||     5
         Invisible         |       |       |     1 |       ||     1
 Armour: Leather armour    |    52 |       |       |       ||    52
         Ring mail         |     8 |   165 |   313 |    73 ||   559
  Dodge: Dodged            |    48 |   138 |   284 |    72 ||   542

Table legend: (Time is in decaauts)
 A = Elapsed time spent in this place.
 B = Non-inter-level travel time spent in this place.
 C = Inter-level travel time spent in this place.
 D = Time resting spent in this place.
 E = Time spent auto-exploring this place.
 F = Levels seen in this place.
 G = Mean time per level.
                   A        B        C        D        E       F      G
               +--------+--------+--------+--------+--------+-----+--------+
         Total |   6480 |   6336 |    144 |     43 |   4329 |  12 |  540.0 |
       Dungeon |   6063 |   5938 |    125 |     43 |   4228 |  10 |  606.3 |
        Temple |     61 |     42 |     19 |      0 |      0 |   1 |   61.0 |
       Ossuary |    355 |    355 |      0 |      0 |    101 |   1 |  355.0 |
               +--------+--------+--------+--------+--------+-----+--------+

Top non-repeatable levels by time:
     D:2: 1283 daAuts
     D:3: 867 daAuts
     D:5: 845 daAuts
     D:1: 763 daAuts
     D:4: 633 daAuts
     D:6: 608 daAuts
     D:7: 442 daAuts
 Ossuary: 355 daAuts
     D:8: 300 daAuts
    D:10: 278 daAuts
  Temple: 61 daAuts
    D:11: 41 daAuts
